 Dungeon Crawl Stone Soup version 0.27.0-1-g7a089689b8 (webtiles) character file.

Game seed: 17744624702767727737

85 gimp the Cudgeller (level 4, -1/37 HPs)
             Began as a Formicid Berserker on Aug 12, 2021.
             Was a Believer of Trog.
             Slain by a hornet zombie (7 damage)
             ... on level 6 of the Dungeon.
             The game lasted 00:04:53 (2134 turns).

gimp the Cudgeller (Formicid Berserker)             Turns: 2134, Time: 00:04:53

Health: -1/37      AC:  3    Str: 22    XL:     4   Next: 75%
Magic:  4/4        EV: 11    Int:  7    God:    Trog [**....]
Gold:   47         SH:  0    Dex: 10    Spells: 3/3 levels left

rFire    . . .     SeeInvis +   a - +0 flail
rCold    . . .     Faith    .   (no shield)
rNeg     . . .     Spirit   .   d - +0 leather armour
rPois    .         Reflect  .   (helmet unavailable)
rElec    .         Harm     .   h - scarf {shadows}
rCorr    .         Rampage  .   (no gloves)
Will     ++...                  (no boots)
Stlth    +.........             (no amulet)
HPRegen  1.12/turn              (no ring)
MPRegen  0.09/turn              (no ring)

@: strong-willed (expiring), regenerating (expiring)
A: permanent stasis, dig shafts and tunnels, antennae 3, four strong arms
a: Dig, Shaft Self, Renounce Religion, Trog's Hand


You were on level 6 of the Dungeon.
You worshipped Trog.
Trog was pleased with you.
You visited 1 branch of the dungeon, and saw 4 of its levels.

You collected 47 gold pieces.

Inventory:

Hand Weapons
 a - a +0 flail (weapon)
 b - a +0 mace
Armour
 d - a +0 leather armour (worn)
 h - a scarf of shadows (worn)
 k - a +0 animal skin
Scrolls
 e - a scroll of fear {unknown}
 f - a scroll of amnesia {unknown}
 g - 2 scrolls of identify {unknown}
 i - a scroll of brand weapon {unknown}
 j - a scroll of noise {unknown}


   Skills:
 + Level 4.0 Fighting
 * Level 4.2 Maces & Flails
 + Level 3.1 Armour
 - Level 1.7 Dodging


You had 3 spell levels left.
You didn't know any spells.
Your spell library was empty.

Dungeon Overview and Level Annotations

Branches:
Dungeon (3/15)

Altars:

Annotations:
D:2 Natasha, Terence


Innate Abilities, Weirdness & Mutations

You cannot be hasted, slowed, berserked, paralysed or teleported.
You can dig through walls and to a lower floor.
You have a pair of large antennae on your head. (SInv)
Your four strong arms can wield two-handed weapons with a shield.


Message History

You are too injured to fight recklessly!
You closely miss the hornet zombie.
The hornet zombie is lightly damaged.
The hornet zombie hits you. The hornet zombie misses you.
You completely miss the hornet zombie.
The hornet zombie is lightly damaged.
The hornet zombie closely misses you.
You regained 2 hp, and now have 20/37 hp.
You hit the hornet zombie.
The hornet zombie is moderately damaged.
Your skin stops crawling.
You feel less strong-willed. The hornet zombie hits you!
* * * LOW HITPOINT WARNING * * *
The hornet zombie misses you.
You take 12 damage, and have 8/37 hp.
MASSIVE DAMAGE!!
You feel better. The hornet zombie closely misses you.
You regained 11 hp, and now have 19/37 hp.
Your skin crawls.
You feel strong-willed. The hornet zombie barely misses you.
You hit the hornet zombie.
The hornet zombie is moderately damaged.
The hornet zombie hits you!
* * * LOW HITPOINT WARNING * * *
The hornet zombie misses you.
You take 10 damage, and have 10/37 hp.
MASSIVE DAMAGE!!
You sock the hornet zombie!
The hornet zombie is heavily damaged.
The hornet zombie hits you.
* * * LOW HITPOINT WARNING * * *
You barely miss the hornet zombie.
The hornet zombie is heavily damaged.
You feel the effects of Trog's Hand fading.
The hornet zombie barely misses you. The hornet zombie hits you.
* * * LOW HITPOINT WARNING * * *
You take 5 damage, and have 5/37 hp.
You hit the hornet zombie.
The hornet zombie is heavily damaged.
The hornet zombie hits you!
You die...

##?..##
##...[.##
#...(...#
#.......#
#.......#
#.Z...#
#@..#
##+##


You could see a hornet zombie.

Vanquished Creatures
  3 adders (D:2)
  An adder skeleton (D:2)
  3 dart slugs
  3 bats (D:2)
  An endoplasm (D:1)
  A giant cockroach (D:1)
  4 goblins
  8 hobgoblins
  9 jackals
  3 kobolds (D:1)
  3 ball pythons
  3 frilled lizards (D:1)
  4 rats
46 creatures vanquished.

Notes
Turn   | Place    | Note
-------+----------+-------------------------------------------
     0 | D:1      | gimp the Formicid Berserker began the quest for the Orb.
     0 | D:1      | Reached XP level 1. HP: 18/18 MP: 1/1
   376 | D:1      | Reached XP level 2. HP: 24/24 MP: 2/2
   628 | D:1      | Reached XP level 3. HP: 28/29 MP: 3/3
   718 | D:1      | Reached ** piety under Trog
   906 | D:1      | Found a faded altar of an unknown god.
  1517 | D:2      | Reached XP level 4. HP: 35/37 MP: 4/4
  1825 | D:2      | Noticed Terence
  2099 | D:2      | Noticed Natasha
  2120 | D:3      | You fall into a shaft and drop 3 floors!
  2134 | D:6      | Slain by a hornet zombie

Illustrated notes

Levels and vault maps discovered:
D:1:      dpeg_arrival_chambers_temple_mockup, layout_basic,
          basic_ecumenical_altar, minmay_stone_trees_small
D:2:      layout_rooms, uniq_natasha, uniq_terence
D:3:      layout_loops_ring, mainiacjoe_overflow_boulevard, uniq_sigmund,
          uniq_ijyb
D:6:      kennysheep_six_static_rooms, layout_basic

Skill      XL: |  1  2  3  4 |
---------------+-------------+-----
Maces & Flails | 4 |  4.2
Armour         | 3 |  3.1
Fighting       | 4 |  4.0
Dodging        | |  1.7

Action                   |  1- 3 |  4- 6 || total
-------------------------+-------+-------++-------
Melee: Mace              |    69 |       ||    69
       Flail             |    36 |    50 ||    86
Invok: Trog's Hand       |       |     2 ||     2
 Abil: Shaft Self        |       |     1 ||     1
  Use: Potion            |     1 |     1 ||     2
Armor: Animal skin       |     2 |       ||     2
       Leather armour    |    24 |    30 ||    54
Dodge: Dodged            |    63 |    49 ||   112
